Map: [ESL] Solaris

Players

Stats - Winner!

  • Race: Protoss Protoss
  • League: Master
  • Spawn Location: 7:00

sOs

  • Race: Protoss Protoss
  • League: Master
  • Spawn Location: 1:00

Event: IEM Katowice 2024

VOD

Have the link to the VOD?

Description

Time

  • Played on: Dec. 6, 2023, 6:20 a.m.
  • Length: 8:50

All games in this series

Show
View Real Time Build Order
Export as new Build Order

Stats Protoss - Winner!

Build Orders:  

Get SALT Encoding   

  12  0:00  Probe  
  13  0:12  Probe  
  14  0:17  Pylon  
  14  0:24  Probe (Chrono Boost)  
  15  0:36  Probe (Chrono Boost)  
  15  0:37  Gateway  
  16  0:44  Probe (Chrono Boost)  
  16  0:46  Assimilator  
  17  0:50  Probe  
  18  0:58  Assimilator  
  18  1:03  Probe (Chrono Boost)  
  19  1:08  Gateway  
  19  1:14  Probe (Chrono Boost)  
  20  1:19  Probe (Chrono Boost)  
  21  1:26  Cybernetics Core  
  21  1:29  Probe  
  22  1:35  Pylon  
  22  1:41  Probe  
  23  1:53  Probe  
  24  2:00  Warp Gate (Chrono Boost)  
  24  2:02  Stalker x2  
  28  2:08  Probe  
  28  2:14  Pylon  
  29  2:33  Stalker x2  
  32  2:53  Nexus  
  32  3:05  Stalker  
  32  3:08  Stalker  
  36  3:22  Pylon  
  36  3:25  Probe  
  36  3:37  Probe  
  36  3:40  Twilight Council  
  37  3:47  Adept x2  
  41  3:50  Probe (Chrono Boost)  
  42  4:02  Probe (Chrono Boost)  
  43  4:08  Probe (Chrono Boost)  
  44  4:12  Sentry x2, Probe (Chrono Boost)  
  44  4:16  Probe (Chrono Boost)  
  50  4:19  Probe (Chrono Boost)  
  50  4:21  Probe  
  50  4:23  Blink (Chrono Boost)  
  52  4:29  Phoenix, Probe  
  52  4:30  Robotics Facility  
  51  4:36  Probe (Chrono Boost)  
  52  4:41  Shield Battery  
  52  4:44  Probe (Chrono Boost)  
  53  4:48  Probe (Chrono Boost)  
  53  4:51  Pylon  
  54  4:57  Probe x2 (Chrono Boost)  
  56  5:05  Assimilator, Probe x2  
  56  5:06  Stalker x2  
  62  5:10  Pylon  
  62  5:17  Observer, Probe x2  
  65  5:22  Phoenix  
  65  5:28  Nexus  
  65  5:35  Stalker x2  
  69  5:41  Immortal  
  73  5:46  Shield Battery  
  72  5:58  Gateway  
  72  6:03  Probe x2  
  74  6:12  Stalker  
  74  6:14  Stalker  
  74  6:18  Probe  
  78  6:19  Probe  
  77  6:27  Pylon  
  77  6:29  Pylon  
  77  6:37  Gateway  
  77  6:38  Charge  
  77  6:43  Immortal (Chrono Boost)  
  81  6:55  Probe x3 (Chrono Boost)  
  82  7:06  Pylon, Forge  
  82  7:07  Probe x3 (Chrono Boost)  
  85  7:12  Probe x2 (Chrono Boost)  
  85  7:14  Probe (Chrono Boost)  
  87  7:21  Probe x2  
  90  7:26  Shield Battery  
  90  7:27  Probe  
  90  7:28  Pylon  
  91  7:31  Gateway  
  91  7:33  Gateway, Probe x2  
  91  7:35  Gateway  
  93  7:39  Gateway  
  93  7:40  Probe  
  93  7:42  Templar Archives  
  94  7:54  Zealot x4  
  94  7:57  Immortal (Chrono Boost)  
  106  8:12  Shield Battery  
  106  8:14  Pylon  
  106  8:15  Pylon  
  106  8:18  Zealot x2, High Templar x2  
  114  8:23  Archon  
  101  8:36  Zealot x4  
Show
View Real Time Build Order
Export as new Build Order

sOs Protoss 

Build Orders:  

Get SALT Encoding   

  12  0:00  Probe  
  13  0:12  Probe  
  14  0:16  Pylon  
  14  0:24  Probe (Chrono Boost)  
  15  0:36  Probe (Chrono Boost)  
  15  0:37  Gateway  
  16  0:44  Probe (Chrono Boost)  
  16  0:46  Assimilator  
  17  0:50  Probe  
  17  0:54  Assimilator  
  18  1:03  Probe (Chrono Boost)  
  19  1:08  Gateway  
  19  1:13  Probe (Chrono Boost)  
  20  1:18  Probe (Chrono Boost)  
  21  1:25  Cybernetics Core  
  21  1:30  Probe  
  22  1:40  Pylon  
  22  1:43  Probe  
  23  1:50  Pylon  
  24  2:03  Stalker  
  24  2:05  Warp Gate (Chrono Boost)  
  27  2:17  Stargate  
  25  2:25  Pylon  
  24  2:30  Stalker  
  24  2:33  Probe  
  30  3:11  Nexus  
  30  3:18  Shield Battery  
  27  3:34  Robotics Facility  
  27  3:38  Probe  
  28  3:43  Shield Battery  
  28  3:49  Stalker x2  
  28  3:52  Probe  
  33  4:02  Pylon  
  34  4:12  Stalker x2  
  34  4:15  Shield Battery  
  37  4:24  Probe x2  
  39  4:31  Warp Prism (Chrono Boost)  
  40  4:40  Probe (Chrono Boost)  
  40  4:44  Sentry x2  
  40  4:45  Probe (Chrono Boost)  
  46  4:50  Probe (Chrono Boost)  
  48  4:53  Probe (Chrono Boost)  
  48  4:56  Pylon  
  48  4:57  Probe  
  49  5:00  Observer  
  50  5:07  Adept x2  
  50  5:14  Probe  
  55  5:15  Probe  
  55  5:20  Pylon  
  56  5:26  Immortal  
  60  5:29  Probe (Chrono Boost)  
  60  5:30  Probe (Chrono Boost)  
  62  5:41  Probe (Chrono Boost)  
  62  5:42  Probe (Chrono Boost)  
  64  5:47  Probe x2 (Chrono Boost)  
  66  5:59  Probe  
  66  6:04  Twilight Council  
  67  6:15  Immortal  
  67  6:21  Probe  
  67  6:24  Assimilator  
  67  6:25  Probe  
  69  6:30  Forge  
  69  6:31  Pylon  
  69  6:33  Blink (Chrono Boost), Pylon  
  69  6:35  Nexus  
  69  6:38  Probe  
  70  6:42  Pylon  
  70  6:49  Probe  
  70  6:50  Probe  
  70  6:52  Shield Battery  
  72  6:55  Immortal  
  72  7:01  Probe  
  77  7:02  Probe  
  77  7:06  Sentry  
  80  7:13  Probe  
  80  7:15  Sentry, Gateway  
  81  7:16  Gateway  
  81  7:18  Observer  
  81  7:22  Gateway  
  83  7:28  Gateway  
  83  7:30  Gateway  
  83  7:35  Stalker  
  85  7:40  Stalker  
  85  7:42  Probe x2  
  89  7:59  Probe  
  89  8:00  Pylon  
  89  8:03  Observer  
  89  8:05  Stalker x2  
  95  8:11  Stalker  
  95  8:12  Stalker  
  88  8:37  Stalker x7  

Tags
 
Add a new tag
Caveats
  • Supply blocks, unpowered buildings, or Contaminate may cause inaccurate times.
  • Supply counts are checked every 10 seconds.